Map: Lerilak Crest

Players

Lilbow

  • Race: Protoss Protoss
  • League: Grandmaster

Nerchio - Winner!

  • Race: Zerg Zerg
  • League: Grandmaster

Event: DreamHack ZOWIE Open Leipzig

VOD

https://www.youtube.com/watch?v=m5NDzNo_9tU

Description

Time

  • Played on: Jan. 22, 2016, 11:12 a.m.
  • Length: 20:31

All games in this series

Show
View Real Time Build Order
Export as new Build Order

Lilbow Protoss 

Build Orders: 1 Gate Expand 

Get SALT Encoding   

  12  0:01  Probe (Chrono Boost)  
  13  0:14  Pylon  
  13  0:16  Probe (Chrono Boost)  
  14  0:27  Probe (Chrono Boost)  
  15  0:32  Gateway  
  15  0:38  Probe (Chrono Boost)  
  16  0:43  Assimilator  
  16  0:48  Probe (Chrono Boost)  
  17  0:59  Probe (Chrono Boost)  
  17  1:02  Gateway  
  18  1:09  Probe (Chrono Boost)  
  19  1:20  Cybernetics Core  
  19  1:39  Nexus  
  19  1:45  Pylon  
  19  1:58  Adept (Chrono Boost)  
  19  1:59  Adept (Chrono Boost)  
  23  2:03  Probe  
  23  2:06  Assimilator  
  24  2:09  Warp Gate  
  24  2:15  Probe  
  27  2:25  Adept x2 (Chrono Boost)  
  27  2:29  Probe  
  30  2:41  Probe (Chrono Boost)  
  31  2:52  Probe (Chrono Boost)  
  31  2:53  Adept x2  
  31  2:55  Probe (Chrono Boost)  
  37  3:03  Probe (Chrono Boost)  
  38  3:06  Probe (Chrono Boost)  
  39  3:14  Probe (Chrono Boost)  
  39  3:16  Probe (Chrono Boost)  
  39  3:17  Stargate  
  41  3:22  Pylon  
  41  3:24  Probe (Chrono Boost)  
  42  3:27  Probe (Chrono Boost)  
  42  3:33  Pylon  
  43  3:35  Probe (Chrono Boost)  
  43  3:38  Probe (Chrono Boost)  
  45  3:44  Gateway  
  45  3:46  Mothership Core (Chrono Boost)  
  48  3:48  Probe (Chrono Boost)  
  48  3:58  Gateway  
  48  3:59  Probe (Chrono Boost)  
  47  4:02  Probe (Chrono Boost)  
  47  4:05  Oracle (Chrono Boost)  
  47  4:09  Probe  
  52  4:16  Probe, Adept  
  54  4:17  Adept  
  54  4:21  Assimilator  
  54  4:22  Probe  
  58  4:24  Pylon  
  58  4:27  Probe  
  59  4:34  Probe  
  59  4:37  Stalker  
  62  4:40  Probe  
  62  4:43  Zealot  
  65  4:46  Probe  
  65  4:47  Assimilator  
  65  4:51  Probe  
  67  4:58  Probe  
  66  5:01  Probe  
  65  5:10  Probe  
  65  5:12  Probe  
  61  5:21  Nexus  
  61  5:22  Probe x2, Pylon  
  61  5:24  Sentry x2  
  63  5:31  Stargate  
  63  5:32  Pylon  
  63  5:33  Probe  
  63  5:34  Probe, Pylon  
  65  5:38  Zealot  
  65  5:39  Stalker  
  69  5:44  Phoenix (Chrono Boost)  
  69  5:46  Probe x2  
  73  5:57  Probe  
  70  5:58  Probe  
  72  6:06  Phoenix (Chrono Boost)  
  72  6:07  Probe  
  72  6:10  Probe  
  76  6:18  Phoenix (Chrono Boost)  
  78  6:19  Probe  
  78  6:23  Probe  
  80  6:28  Phoenix (Chrono Boost)  
  80  6:31  Probe  
  80  6:32  Probe  
  83  6:33  Assimilator  
  83  6:35  Probe, Robotics Facility  
  87  6:40  Phoenix (Chrono Boost)  
  87  6:43  Probe x2  
  89  6:47  Probe  
  89  6:48  Pylon  
  89  6:49  Phoenix (Chrono Boost)  
  89  6:50  Assimilator  
  89  6:53  Probe  
  92  6:55  Probe  
  92  6:59  Probe  
  95  7:01  Robotics Facility  
  95  7:02  Phoenix (Chrono Boost), Robotics Facility  
  95  7:03  Forge  
  95  7:04  Probe  
  98  7:11  Phoenix (Chrono Boost)  
  100  7:22  Probe  
  101  7:29  Probe  
  102  7:30  Probe  
  102  7:35  Probe  
  104  7:39  Immortal (Chrono Boost), Protoss Ground Weapons Level 1  
  104  7:41  Gateway  
  104  7:43  Gateway x2  
  104  7:44  Twilight Council, Gateway  
  106  7:53  Immortal x2 (Chrono Boost)  
  114  8:11  Pylon  
  114  8:20  Pylon x2  
  114  8:22  Pylon  
  114  8:29  Charge  
  114  8:30  Immortal x2 (Chrono Boost)  
  122  8:36  Pylon  
  122  8:39  Immortal (Chrono Boost), Pylon  
  122  8:40  Zealot x2  
  122  8:41  Zealot x4  
  138  9:04  Templar Archives, Immortal x2 (Chrono Boost)  
  138  9:05  Zealot  
  138  9:07  Pylon  
  148  9:10  Pylon  
  148  9:11  Pylon  
  148  9:13  Immortal (Chrono Boost)  
  152  9:21  Pylon  
  152  9:33  Nexus  
  160  9:38  Immortal x2 (Chrono Boost)  
  160  9:43  Pylon  
  160  9:45  Zealot x5, High Templar x2  
  168  9:47  Zealot  
  168  9:52  Warp Prism (Chrono Boost), Archon  
  178  10:05  Photon Cannon  
  178  10:06  High Templar x2, Photon Cannon  
  178  10:07  Zealot x2  
  184  10:10  Archon  
  184  10:12  Observer (Chrono Boost)  
  184  10:13  Zealot x2  
  189  10:17  Zealot  
  189  10:18  Zealot  
  193  10:28  Zealot x2  
  195  10:35  Zealot  
  198  11:00  Zealot  
  183  11:33  Immortal x3 (Chrono Boost)  
  183  11:34  Zealot  
  183  11:35  Zealot x7  
  150  12:07  Immortal (Chrono Boost), Observer x2 (Chrono Boost)  
  156  12:11  High Templar x4  
  156  12:12  Zealot x4  
  172  12:17  Nexus  
  172  12:18  Archon x2  
  171  12:26  Observer (Chrono Boost)  
  170  12:31  Blink  
  170  12:33  Nexus  
  170  12:36  Pylon x2  
  170  12:38  Pylon  
  170  12:47  Protoss Ground Weapons Level 2 (Chrono Boost)  
  170  12:54  Photon Cannon  
  170  12:55  Photon Cannon  
  170  12:57  Photon Cannon  
  170  12:58  Stalker x6, Photon Cannon  
  178  12:59  Stalker  
  178  13:00  Photon Cannon x2  
  178  13:01  Photon Cannon  
  178  13:02  Stalker  
  186  13:30  Pylon  
  186  13:48  Stalker  
  186  13:49  Stalker x6  
  186  13:53  Observer  
  190  13:56  Observer  
  184  14:03  Stargate  
  184  14:04  Fleet Beacon  
  184  14:07  Assimilator  
  184  14:09  Assimilator  
  182  14:12  Observer  
  182  14:15  Observer  
  157  14:33  Mothership Core  
  159  14:45  Zealot x3  
  165  14:47  Tempest x3 (Chrono Boost)  
  185  15:33  Zealot x7  
  148  15:56  High Templar x4  
  148  15:57  Stalker x2  
  156  16:00  Archon  
  156  16:01  Archon  
  151  16:22  Zealot  
  151  16:23  Zealot  
  155  16:40  Zealot x3  
  161  16:51  Stalker x2  
  161  17:08  Nexus  
  159  17:19  High Templar x4  
  159  17:20  Zealot  
  169  17:25  Archon x2  
  168  18:03  Stalker x3  
  156  18:16  Stalker x2  
  140  18:21  Observer x2  
  89  18:37  Stalker  
  89  18:38  Stalker  
  89  18:39  Zealot  
  89  18:41  Stalker  
  75  18:42  Stalker  
  70  19:05  Stalker  
  72  19:15  Zealot  
Show
View Real Time Build Order
Export as new Build Order

Nerchio Zerg - Winner!

Build Orders: Hatch First, Lurkers 

Get SALT Encoding   

  12  0:00  Drone  
  13  0:12  Overlord  
  13  0:18  Drone  
  14  0:30  Drone x2  
  14  0:34  Drone  
  17  0:52  Hatchery  
  17  0:55  Drone  
  17  0:58  Drone  
  17  1:00  Extractor  
  17  1:14  Spawning Pool  
  17  1:16  Drone  
  17  1:20  Drone  
  18  1:29  Drone  
  19  1:38  Overlord  
  19  1:49  Drone  
  20  2:01  Metabolic Boost, Queen  
  20  2:02  Zergling x2  
  20  2:05  Queen  
  25  2:08  Zergling x2  
  25  2:12  Drone  
  25  2:15  Drone  
  28  2:21  Drone  
  29  2:25  Drone  
  30  2:32  Drone  
  31  2:37  Drone  
  31  2:43  Zergling x2  
  33  2:47  Zergling x2  
  33  2:50  Hatchery  
  32  2:54  Zergling x2  
  32  2:58  Zergling x2  
  32  3:06  Drone  
  32  3:11  Zergling x4  
  32  3:12  Zergling x4  
  35  3:14  Overlord  
  35  3:15  Drone  
  35  3:16  Overlord  
  35  3:19  Overlord  
  36  3:31  Overlord  
  35  3:34  Zergling x4  
  35  3:40  Roach Warren, Queen  
  38  3:45  Drone x2  
  38  3:46  Drone  
  41  3:52  Queen  
  41  3:54  Drone  
  44  3:56  Drone  
  44  3:58  Drone  
  44  4:01  Drone  
  46  4:03  Drone  
  46  4:04  Drone  
  46  4:07  Drone  
  46  4:09  Drone  
  50  4:10  Drone  
  50  4:14  Drone  
  52  4:18  Drone x3  
  52  4:20  Drone  
  52  4:23  Drone x2  
  58  4:30  Extractor  
  57  4:33  Roach x2  
  57  4:36  Queen  
  63  4:39  Spore Crawler  
  63  4:40  Roach  
  63  4:43  Queen  
  66  4:47  Zergling x2  
  66  4:48  Zergling x2  
  66  4:49  Zergling x2  
  66  4:52  Zergling x4  
  71  4:59  Drone  
  67  5:00  Drone x3  
  67  5:01  Drone  
  67  5:08  Drone x2  
  67  5:10  Drone  
  67  5:11  Drone  
  67  5:13  Drone  
  68  5:16  Drone  
  64  5:21  Drone  
  64  5:22  Drone  
  64  5:26  Drone  
  66  5:29  Drone  
  66  5:32  Drone  
  66  5:34  Drone  
  69  5:38  Drone x2  
  69  5:40  Extractor  
  69  5:41  Drone  
  69  5:42  Drone  
  72  5:44  Overlord  
  72  5:47  Overlord  
  72  5:51  Overlord  
  71  5:59  Drone x2, Overlord  
  71  6:00  Spore Crawler, Overlord  
  71  6:04  Drone x3  
  74  6:05  Drone  
  74  6:06  Drone  
  74  6:08  Drone  
  74  6:09  Drone  
  79  6:16  Overlord  
  79  6:17  Drone x4  
  83  6:18  Drone, Extractor  
  83  6:20  Drone  
  83  6:21  Drone  
  83  6:23  Drone  
  83  6:24  Drone  
  83  6:25  Drone  
  88  6:29  Drone x4  
  88  6:31  Extractor  
  91  6:42  Evolution Chamber  
  91  6:45  Extractor  
  91  6:46  Lair  
  89  6:49  Spore Crawler  
  89  6:52  Roach x4  
  96  6:55  Overlord  
  96  6:58  Pneumatized Carapace  
  96  7:01  Hatchery, Roach x3  
  100  7:06  Queen  
  100  7:08  Zerg Missile Weapons Level 1  
  103  7:11  Drone  
  103  7:12  Drone x2  
  103  7:13  Overlord  
  104  7:15  Overlord  
  98  7:41  Queen  
  96  7:45  Queen x2  
  96  7:49  Hydralisk Den  
  96  7:50  Spore Crawler  
  96  7:53  Ravager x4  
  99  8:00  Zergling x6  
  101  8:16  Drone x3, Queen  
  101  8:17  Infestation Pit  
  103  8:20  Lurker Den, Hydralisk  
  103  8:21  Hydralisk x11  
  103  8:24  Drone x3, Overlord  
  103  8:25  Overlord  
  130  8:29  Overlord  
  130  8:32  Overlord  
  130  8:40  Hydralisk x3  
  136  8:43  Drone x2  
  136  8:44  Glial Reconstitution  
  136  8:50  Drone x3  
  138  8:55  Infestor x2  
  138  9:01  Extractor  
  141  9:14  Hydralisk x2  
  144  9:20  Zerg Missile Weapons Level 2  
  144  9:25  Overlord x3  
  144  9:28  Drone x2  
  144  9:29  Drone  
  142  9:31  Overlord  
  142  9:37  Hive  
  142  9:39  Overseer  
  142  9:47  Lurker x3  
  142  9:48  Lurker x3  
  142  9:49  Zergling x2  
  142  9:50  Zergling x20  
  142  9:52  Overlord  
  159  9:55  Drone x3  
  159  9:57  Extractor  
  161  10:06  Lurker  
  161  10:07  Lurker x2  
  163  10:20  Lurker x2  
  165  10:27  Spore Crawler  
  164  10:29  Spore Crawler, Lurker x2  
  164  10:32  Lurker  
  164  10:34  Spore Crawler  
  165  10:39  Lurker  
  162  10:47  Zergling x4  
  162  10:48  Zergling x4  
  163  10:53  Hydralisk x8  
  179  10:59  Hydralisk x2  
  179  11:04  Roach x5  
  184  11:05  Zergling x16  
  198  11:21  Spire  
  185  11:37  Zergling x6  
  185  11:38  Zergling x12  
  161  11:40  Hydralisk x7  
  161  11:41  Hydralisk x3  
  169  11:51  Hydralisk x3  
  165  11:56  Hydralisk x2  
  159  12:04  Drone  
  159  12:05  Drone  
  159  12:06  Drone x2  
  159  12:07  Drone x2  
  165  12:13  Lurker x2  
  165  12:14  Lurker  
  167  12:26  Zerg Melee Weapons Level 1, Muscular Augments  
  167  12:27  Extractor  
  165  12:43  Corruptor  
  165  12:44  Corruptor, Greater Spire  
  165  12:47  Drone x2  
  165  12:51  Corruptor  
  171  12:53  Drone  
  171  12:54  Drone x2  
  171  12:57  Overseer  
  176  13:02  Hatchery  
  175  13:12  Zergling x14  
  182  13:13  Overlord, Zergling x2  
  182  13:14  Overlord  
  182  13:21  Lurker x6  
  182  13:50  Zergling x4  
  182  13:53  Zergling x4  
  182  13:54  Zergling x4  
  184  14:03  Corruptor x2, Brood Lord  
  184  14:04  Corruptor x2, Brood Lord x2  
  184  14:08  Zergling x2  
  191  14:19  Corruptor x2  
  192  14:39  Hatchery  
  192  14:42  Zerg Melee Weapons Level 2, Brood Lord x2  
  192  14:44  Zergling x10  
  200  14:50  Overseer  
  197  15:15  Corruptor x2  
  165  15:37  Hydralisk x8  
  165  15:40  Corruptor x6  
  188  15:43  Zergling x8  
  188  15:49  Brood Lord  
  194  15:53  Zergling x6  
  194  15:54  Zergling x2  
  198  16:03  Hydralisk  
  196  16:05  Brood Lord  
  196  16:08  Zergling x2  
  196  16:09  Zergling x6  
  175  16:27  Zergling x14  
  161  16:37  Zergling x4  
  160  16:51  Brood Lord  
  160  16:57  Brood Lord  
  162  17:02  Brood Lord  
  162  17:08  Overlord  
  164  17:10  Overlord  
  161  17:16  Overseer  
  161  17:18  Overseer  
  161  17:20  Overlord  
  161  17:23  Overseer  
  161  17:25  Corruptor  
  160  17:38  Zergling x2  
  160  17:39  Zergling x12  
  167  17:55  Brood Lord x2  
  167  17:57  Zergling x6  
  174  18:00  Zergling x2  
  140  18:14  Zergling x4  
  140  18:19  Zergling x2  
  117  18:23  Zergling x2  
  103  18:30  Zergling x2  
  67  19:35  Zergling x2  
  67  19:36  Zergling x6  
  71  19:39  Zergling x2  
  71  19:40  Overseer  
  71  19:42  Overseer  
  70  19:50  Zergling x4  
  71  19:59  Zergling x4  
  73  20:02  Zergling x6  
  72  20:09  Zergling x2  
  72  20:10  Zergling x2  
  74  20:15  Spore Crawler  

Tags
 
Add a new tag
Caveats
  • Supply blocks, unpowered buildings, or Contaminate may cause inaccurate times.
  • Supply counts are checked every 10 seconds.